[Event "Titled Tuesday Blitz May 16 Early 2023"]
[White "Borgaonkar Akshay"]
[Black "Pakleza, Zbigniew"]
[WhiteFideId "25639110"]
[BlackFideId "1119290"]
[WhiteElo "2063"]
[BlackElo "2410"]
[Result "0-1"]
[Round "06"]
[TimeControl "180+2"]
[Date "2023.05.16"]
[WhiteClock "0:00:36"]
[BlackClock "0:00:07"]

1. e4 d6 2. d4 Nf6 3. Nc3 c6 4. h4 b5 5. f3 e5 6. d5 b4 7. Nce2 cxd5 8. exd5 Nbd7 9. c4 bxc3 10. Nxc3 Be7 11. h5 h6 12. Nge2 O-O 13. Ng3 Re8 14. Nge4 Nxe4 15. Nxe4 f5 16. Nf2 Nf6 17. Bd2 Kh8 18. Bc4 Bb7 19. Qc1 Rc8 20. Bxh6 gxh6 21. Qxh6+ Nh7 22. Bd3 e4 23. fxe4 Bg5 24. Qg6 fxe4 25. Nxe4 Nf8 26. Qf5 Re5 27. Qf3 Bxd5 28. O-O Nh7 29. Nxg5 Nxg5 30. Qg3 Qg8 31. Rf6 Nh7 32. Rg6 Qf7 33. Rxd6 Rce8 34. Rf1 Qg7 35. Rg6 Qe7 36. Rh6 Bg8 37. Qg6 Rg5 38. Qc6 Qe3+ 39. Kh1 Qxd3 40. Rf3 Re1+ 41. Kh2 Qd4 42. Qc3 Qe5+ 43. g3 Qxc3 44. bxc3 Re7 45. Rd6 Rxh5+ 46. Kg1 Rhe5 47. Kh2 Re2+ 48. Kh3 R2e3 49. Rf4 R7e6 50. Rd8 Rh6+ 51. Kg4 Rg6+ 52. Kh5 Rexg3 53. Kh4 Rg1 54. Kh5 R6g5+ 55. Kh6 Rh1+ 56. Rh4 Rxh4# 0-1


[Site "https://www.chess.com"]

[Event "Titled Tuesday Blitz May 16 Early 2023"]
[White "Averjanov, Alexey"]
[Black "Jeet, Jain"]
[WhiteFideId "14109867"]
[BlackFideId "5073022"]
[WhiteElo "2800"]
[BlackElo "2067"]
[Result "1-0"]
[Round "06"]
[TimeControl "180+2"]
[Date "2023.05.16"]
[WhiteClock "0:00:29"]
[BlackClock "0:00:00"]

1. d4 c6 2. c4 d5 3. e3 Nf6 4. Bd3 g6 5. b3 Bg7 6. Bb2 O-O 7. Nd2 Nbd7 8. Ngf3 e6 9. O-O b6 10. Qe2 Bb7 11. Rfd1 Rc8 12. Rac1 c5 13. e4 cxd4 14. cxd5 Rxc1 15. Rxc1 exd5 16. e5 Re8 17. Bxd4 Ng4 18. Bb5 Ngxe5 19. Nxe5 Bxe5 20. Qd3 Qh4 21. Nf3 Qf4 22. Re1 Re7 23. Bxd7 Bxd4 24. Rxe7 Bf6 25. Re1 d4 26. Nd2 h5 27. Bb5 h4 28. Ne4 Bg7 29. Qd2 Qg4 30. h3 Qf5 31. Nd6 Qd5 32. Nxb7 Qxb5 33. Nd6 Qd5 34. Nc4 Bf6 35. Qd3 b5 36. Nd2 Kg7 37. Nf3 1-0


[Site "https://www.chess.com"]

[Event "Titled Tuesday Blitz May 16 Early 2023"]
[White "Zherebukh, Yaroslav"]
[Black "Koellner, Ruben Gideon"]
[WhiteFideId "14116804"]
[BlackFideId "12993093"]
[WhiteElo "2531"]
[BlackElo "2314"]
[Result "1-0"]
[Round "06"]
[TimeControl "180+2"]
[Date "2023.05.16"]
[WhiteClock "0:00:36"]
[BlackClock "0:00:41"]

1. e4 d6 2. d4 Nf6 3. Nc3 e5 4. Nf3 Nbd7 5. Rg1 c6 6. g4 h6 7. h4 exd4 8. Nxd4 Ne5 9. g5 hxg5 10. hxg5 Nfg4 11. Be2 Nh2 12. Bf4 Qb6 13. Nb3 Nhg4 14. Qd4 c5 15. Qd2 Be6 16. Nd5 Bxd5 17. Qxd5 c4 18. Nd4 Qxb2 19. Qb5+ Qxb5 20. Nxb5 O-O-O 21. Nxa7+ Kb8 22. Nb5 Nh2 23. O-O-O Nhf3 24. Bxf3 Nxf3 25. Rg3 Ne5 26. Bxe5 dxe5 27. Rxd8# 1-0


[Site "https://www.chess.com"]

[Event "Titled Tuesday Blitz May 16 Early 2023"]
[White "RobertDowneyJr0111"]
[Black "Hambleton, Aman"]
[BlackFideId "2606577"]
[WhiteElo "2621"]
[BlackElo "2511"]
[Result "1-0"]
[Round "06"]
[TimeControl "180+2"]
[Date "2023.05.16"]
[WhiteClock "0:01:13"]
[BlackClock "0:00:02"]

1. e4 e5 2. Nf3 Nc6 3. Bc4 Bc5 4. O-O Nf6 5. d4 exd4 6. e5 d5 7. exf6 dxc4 8. Re1+ Be6 9. Ng5 g6 10. Nd2 Qxf6 11. Nde4 Qe7 12. Nxe6 fxe6 13. Bg5 Qf8 14. Nf6+ Kf7 15. Nd7 Qd6 16. Qf3+ Ke8 17. Nxc5 Qxc5 18. Rxe6+ Kd7 19. Qf7+ Kc8 20. Re8+ Rxe8 21. Qxe8+ Nd8 22. Qxd8# 1-0


[Site "https://www.chess.com"]

[Event "Titled Tuesday Blitz May 16 Early 2023"]
[White "HamedWafa4"]
[Black "Aydincelebi, Kagan"]
[BlackFideId "6361102"]
[WhiteElo "2597"]
[BlackElo "2180"]
[Result "1-0"]
[Round "06"]
[TimeControl "180+2"]
[Date "2023.05.16"]
[WhiteClock "0:00:02"]
[BlackClock "0:00:09"]

1. e4 c5 2. Nf3 d6 3. Bb5+ Bd7 4. Bxd7+ Nxd7 5. O-O Ngf6 6. Re1 e6 7. c3 Be7 8. d4 O-O 9. e5 dxe5 10. dxe5 Nd5 11. c4 Nb4 12. a3 Nc6 13. Nc3 a6 14. Bf4 Qc7 15. Qc2 Rfd8 16. Rad1 Nf8 17. h4 Ng6 18. Bg3 h5 19. Ne4 Nd4 20. Nxd4 Rxd4 21. Rxd4 cxd4 22. Nd6 Nxh4 23. Bxh4 Bxh4 24. Qe4 Be7 25. Qxd4 b6 26. b4 Rd8 27. Rd1 Bf8 28. c5 bxc5 29. bxc5 Rb8 30. Qf4 Rb2 31. Rd3 g6 32. Rf3 Bg7 33. Nxf7 Qxc5 34. Nh6+ Kh7 35. Nf7 Rb1+ 36. Kh2 Rc1 37. Ng5+ Kg8 38. Qf7+ Kh8 39. Qe8+ Bf8 40. Rxf8+ Kg7 41. Qf7+ Kh6 42. Rh8+ Kxg5 43. Qf6+ Kg4 44. Qxg6+ Kf4 45. Rf8+ Kxe5 46. Qg5+ Kd4 47. Rf4+ Kd3 48. Rf3+ Ke2 49. Re3+ Kf1 50. Qf4 Qc7 51. Re5 Rc4 52. Qe3 Rh4+ 53. Kg3 Rg4+ 54. Kh3 Rxg2 55. Qe2+ Kg1 56. Qe1# 1-0


[Site "https://www.chess.com"]

[Event "Titled Tuesday Blitz May 16 Early 2023"]
[White "Bondau"]
[Black "Tasev, Dejan"]
[BlackFideId "936618"]
[WhiteElo "2773"]
[BlackElo "2244"]
[Result "1-0"]
[Round "06"]
[TimeControl "180+2"]
[Date "2023.05.16"]
[WhiteClock "0:00:10"]
[BlackClock "0:00:00"]

1. e4 e5 2. Nf3 Nc6 3. Bb5 a6 4. Ba4 Nf6 5. O-O b5 6. Bb3 Be7 7. Re1 O-O 8. c3 d5 9. exd5 Nxd5 10. Nxe5 Nxe5 11. Rxe5 c6 12. d4 Bd6 13. Re1 Qh4 14. g3 Qh3 15. Qf3 Bg4 16. Qg2 Qh5 17. Be3 Rae8 18. Nd2 Re6 19. Bxd5 cxd5 20. f3 Bh3 21. Qf2 Qg6 22. Re2 f5 23. f4 Bg4 24. Ree1 Qh5 25. Qg2 Re4 26. Nxe4 fxe4 27. Bd2 g5 28. Rf1 Bf3 29. Rxf3 exf3 30. Qf2 gxf4 31. gxf4 Kh8 32. Kh1 Rg8 33. Rg1 Rg2 34. Rxg2 fxg2+ 35. Kxg2 Qg4+ 36. Qg3 Qe2+ 37. Qf2 Qe4+ 38. Qf3 Qc2 39. Qe3 Qg6+ 40. Kf2 Kg8 41. Qg3 Kf7 42. Qxg6+ Kxg6 43. Kf3 Kf5 44. b3 h5 45. h3 Be7 46. Be3 Bd6 47. a4 bxa4 48. bxa4 Ba3 49. Bd2 Bb2 50. Ke3 Ba3 51. Kd3 Bd6 52. c4 dxc4+ 53. Kxc4 Ke4 54. d5 Be7 55. Bc1 Bd6 56. Bd2 Be7 57. a5 Bd6 58. Bc1 Be7 59. f5 Kxf5 60. Kd4 Bd6 61. Bd2 Be7 62. Be3 Bd6 63. Kc4 Ke5 64. Bc5 Bc7 65. Bb4 1-0


[Site "https://www.chess.com"]

[Event "Titled Tuesday Blitz May 16 Early 2023"]
[White "egorchess95"]
[Black "Bryakin, Mikhail"]
[BlackFideId "4165314"]
[WhiteElo "2574"]
[BlackElo "2467"]
[Result "0-1"]
[Round "06"]
[TimeControl "180+2"]
[Date "2023.05.16"]
[WhiteClock "0:00:00"]
[BlackClock "0:00:20"]

1. e4 g6 2. d4 Bg7 3. Nc3 d6 4. f4 Nd7 5. Nf3 c6 6. a4 a5 7. Bc4 e6 8. e5 d5 9. Bd3 Ne7 10. O-O b6 11. Qe2 Bb7 12. Nd1 Qc8 13. b3 Ba6 14. c4 c5 15. Bb2 dxc4 16. Bxc4 Bxc4 17. Qxc4 cxd4 18. Qxc8+ Rxc8 19. Nxd4 Nf5 20. Nxf5 gxf5 21. Ne3 Bf8 22. Nc4 Bc5+ 23. Kh1 Ke7 24. Rf3 Nb8 25. Ba3 Bxa3 26. Rxa3 Rhd8 27. Ra1 Rc6 28. Kg1 Na6 29. Rc1 Rd7 30. Rfc3 Rdc7 31. Kf2 Nc5 32. Ke3 Nxb3 33. Rxb3 Rxc4 34. Rxc4 Rxc4 35. Rxb6 Rxa4 36. Rb7+ Kf8 37. Ra7 Kg7 38. Kf3 Kg6 39. h3 h5 40. g3 Ra3+ 41. Kg2 Ra4 42. h4 Ra3 43. Ra6 Ra1 44. Kh2 Kg7 45. Ra7 Kf8 46. Kg2 Ke8 47. Kh2 a4 48. Kg2 a3 49. Kh2 Kd8 50. Rxf7 Rb1 51. Ra7 Rb2+ 52. Kh3 a2 53. g4 fxg4+ 54. Kg3 Re2 55. f5 exf5 56. Kf4 Rf2+ 57. Kg5 g3 58. e6 Re2 59. Kf6 g2 0-1


[Site "https://www.chess.com"]

[Event "Titled Tuesday Blitz May 16 Early 2023"]
[White "Wagner, Dennis"]
[Black "iHateNAJDORF"]
[WhiteFideId "24650684"]
[WhiteElo "2478"]
[BlackElo "2549"]
[Result "1-0"]
[Round "06"]
[TimeControl "180+2"]
[Date "2023.05.16"]
[WhiteClock "0:00:02"]
[BlackClock "0:00:00"]

1. e4 c5 2. Nf3 Nc6 3. Bb5 Qb6 4. Nc3 e6 5. Bxc6 Qxc6 6. d4 cxd4 7. Nxd4 Qc7 8. O-O a6 9. Qf3 Nf6 10. Bf4 d6 11. Rfe1 Be7 12. e5 dxe5 13. Bxe5 Qb6 14. Nf5 exf5 15. Bxf6 Qxf6 16. Nd5 Qd6 17. Nxe7 Qxe7 18. Rxe7+ Kxe7 19. Re1+ Be6 20. Qxb7+ Kf6 21. Qc7 h6 22. b3 Rhc8 23. Qe5+ Kg6 24. c4 Kh7 25. Rd1 a5 26. h4 a4 27. Qe3 Rcb8 28. Rd3 axb3 29. axb3 Ra1+ 30. Kh2 Rb1 31. Rc3 Rb2 32. f3 Ra8 33. c5 Raa2 34. Qg1 Bxb3 35. c6 Be6 36. c7 Bc8 37. Kg3 Re2 38. h5 f4+ 39. Kxf4 Rxg2 40. Qd4 Rh2 41. Qd8 Ra4+ 42. Ke3 Ra8 43. Qd6 Rxh5 44. Qd3+ g6 45. Qd8 Rf5 46. Rd3 Rf6 47. Qxf6 1-0


[Site "https://www.chess.com"]

[Event "Titled Tuesday Blitz May 16 Early 2023"]
[White "Karthik Rajaa"]
[Black "Bettalli, Francesco"]
[WhiteFideId "25035215"]
[BlackFideId "2816453"]
[WhiteElo "2215"]
[BlackElo "2216"]
[Result "1-0"]
[Round "06"]
[TimeControl "180+2"]
[Date "2023.05.16"]
[WhiteClock "0:00:18"]
[BlackClock "0:00:59"]

1. Nf3 g6 2. d4 Bg7 3. e4 c6 4. h3 Nf6 5. e5 Nd5 6. c4 Nc7 7. Nc3 O-O 8. Be2 d6 9. exd6 exd6 10. O-O Bf5 11. Bg5 Bf6 12. Bf4 d5 13. Bxc7 Qxc7 14. cxd5 Rd8 15. Qb3 Bg7 16. Rac1 Qe7 17. Rfe1 Qf6 18. Qxb7 Nd7 19. dxc6 Nb6 20. c7 Rf8 21. Ne5 Qh4 22. Nf3 Qf4 23. Ba6 Bc8 24. Qxa8 Nxa8 25. Nd5 Qxc1 26. Rxc1 Bxa6 27. Ne7+ Kh8 28. c8=Q Bxc8 29. Nxc8 a5 30. Nd6 Nb6 31. Rc6 Nd5 32. Rc5 Nf4 33. Rxa5 Ne2+ 34. Kf1 Nxd4 35. Nxd4 Bxd4 36. b4 Kg7 37. Rd5 Bc3 38. b5 Ra8 39. b6 Bb4 40. b7 Rb8 41. a4 Bxd6 42. Rxd6 Rxb7 43. Rd4 Rb2 44. g4 Kf6 45. Kg2 g5 46. Rc4 Kg6 47. Rc6+ f6 48. a5 Ra2 49. a6 h6 50. Kf1 Kg7 51. Rc7+ Kg6 52. a7 h5 53. Ke1 hxg4 54. hxg4 Kh6 55. Kd1 Kg6 56. Kc1 Kh6 57. Kb1 Ra4 58. Kb2 Kg6 59. Kb3 Ra1 60. Kb4 Rb1+ 61. Kc5 Rc1+ 62. Kb6 Rb1+ 63. Kc6 Rc1+ 64. Kb7 Rb1+ 65. Kc8 Ra1 66. Kb8 Rb1+ 67. Rb7 Rg1 68. a8=Q Rxg4 69. Kc7 Rh4 70. Qe8+ Kf5 71. Rb5+ Kg4 72. Qe2+ Kf4 73. Rb4+ 1-0


[Site "https://www.chess.com"]

[Event "Titled Tuesday Blitz May 16 Early 2023"]
[White "Sarana, Alexey"]
[Black "Eynullayev, Atilla"]
[WhiteFideId "24133795"]
[BlackFideId "13413570"]
[WhiteElo "2714"]
[BlackElo "2181"]
[Result "1-0"]
[Round "06"]
[TimeControl "180+2"]
[Date "2023.05.16"]
[WhiteClock "0:02:11"]
[BlackClock "0:01:53"]

1. d4 Nf6 2. c4 e6 3. Nc3 Bb4 4. e3 O-O 5. Bd3 d5 6. a3 Bxc3+ 7. bxc3 dxc4 8. Bxc4 c5 9. Ne2 Qc7 10. Qd3 e5 11. dxe5 Qxe5 12. f3 Nc6 13. e4 Rd8 14. Qe3 Na5 15. Ba2 Be6 16. Qg5 Bxa2 1-0


[Site "https://www.chess.com"]

[Event "Titled Tuesday Blitz May 16 Early 2023"]
[White "Demchenko, Anton"]
[Black "Sourath Biswas"]
[WhiteFideId "4160258"]
[BlackFideId "35091484"]
[WhiteElo "2545"]
[BlackElo "2171"]
[Result "1-0"]
[Round "06"]
[TimeControl "180+2"]
[Date "2023.05.16"]
[WhiteClock "0:00:13"]
[BlackClock "0:00:26"]

1. e4 c6 2. d4 d5 3. e5 Bf5 4. h4 h5 5. c4 e6 6. Nc3 Bb4 7. Ne2 Nh6 8. Ng3 Bg6 9. cxd5 cxd5 10. Bd3 Nf5 11. Bxf5 Bxf5 12. Nxf5 exf5 13. Bg5 Qb6 14. O-O Bxc3 15. bxc3 Qc6 16. c4 O-O 17. cxd5 Qxd5 18. Qxh5 Qxd4 19. e6 fxe6 20. Rab1 b6 21. Rfd1 Qa4 22. Be7 Re8 23. Rb4 Qc6 24. Rc4 Rxe7 25. Rd8+ 1-0


[Site "https://www.chess.com"]

[Event "Titled Tuesday Blitz May 16 Early 2023"]
[White "wqws"]
[Black "Madaminov, Mukhiddin"]
[BlackFideId "14210703"]
[WhiteElo "2594"]
[BlackElo "2511"]
[Result "1-0"]
[Round "06"]
[TimeControl "180+2"]
[Date "2023.05.16"]
[WhiteClock "0:00:11"]
[BlackClock "0:00:03"]

1. e4 c5 2. Nf3 d6 3. d4 cxd4 4. Nxd4 Nf6 5. Nc3 Nc6 6. Bg5 e6 7. Qd2 a6 8. O-O-O Bd7 9. Kb1 Be7 10. f3 b5 11. Be3 h5 12. Bd3 Qc7 13. h3 h4 14. f4 Rc8 15. Rhf1 b4 16. Nce2 a5 17. Nf3 a4 18. Ned4 Qb7 19. e5 Nd5 20. Ka1 Nxe3 21. Qxe3 Nxd4 22. Qxd4 d5 23. f5 exf5 24. e6 fxe6 25. Qxg7 Rf8 26. Ne5 Bf6 27. Qg6+ Ke7 28. Qh7+ Kd6 29. Ng6 a3 30. Qh6 Bxb2+ 31. Kb1 Rf6 32. Qf4+ e5 33. Qg5 e4 34. Bxe4 fxe4 35. Rxf6+ Bxf6 36. Qxf6+ Kc7 37. Ne7 Bc6 38. Nxc8 Qxc8 39. Qe7+ Qd7 40. Qxb4 Qd6 41. Qd4 Kd7 42. Rf1 Qe7 43. c3 Ke6 44. Qh8 Qb7+ 45. Kc1 Qb2+ 46. Kd1 Ba4+ 47. Ke1 Qc1+ 48. Kf2 e3+ 49. Kg1 Bd1 50. Qf6+ Kd7 51. Qe5 Kc6 52. Rf6+ Kc5 53. Qd4+ Kb5 54. Rb6+ Ka5 55. Qb4# 1-0


[Site "https://www.chess.com"]

[Event "Titled Tuesday Blitz May 16 Early 2023"]
[White "Ter-Sahakyan, Samvel"]
[Black "Gheorghiu, Calin"]
[WhiteFideId "13302531"]
[BlackFideId "1200305"]
[WhiteElo "2545"]
[BlackElo "2223"]
[Result "1-0"]
[Round "06"]
[TimeControl "180+2"]
[Date "2023.05.16"]
[WhiteClock "0:01:01"]
[BlackClock "0:00:08"]

1. d4 Nf6 2. c4 e6 3. Nc3 Bb4 4. Nf3 O-O 5. Bg5 c5 6. Rc1 d6 7. a3 Ba5 8. e3 Nbd7 9. Be2 e5 10. O-O Bxc3 11. Rxc3 h6 12. Bxf6 Qxf6 13. dxe5 dxe5 14. Nd2 Qg6 15. Bh5 Qh7 16. Bf3 Nf6 17. Bd5 Rb8 18. e4 Be6 19. Qe2 Qg6 20. Rfc1 Bxd5 21. cxd5 b6 22. b4 Nd7 23. Rg3 Qf6 24. Rf3 Qg6 25. Qb5 Rfd8 26. Rg3 Qf6 27. Re3 Rbc8 28. Qa6 cxb4 29. Rxc8 1-0


[Site "https://www.chess.com"]

[Event "Titled Tuesday Blitz May 16 Early 2023"]
[White "SashaKuzhilniy"]
[Black "Galchenko, Matvey"]
[BlackFideId "24175480"]
[WhiteElo "2585"]
[BlackElo "2423"]
[Result "1/2-1/2"]
[Round "06"]
[TimeControl "180+2"]
[Date "2023.05.16"]
[WhiteClock "0:00:16"]
[BlackClock "0:00:05"]

1. b3 e5 2. Bb2 Nc6 3. c4 Nf6 4. e3 d5 5. cxd5 Nxd5 6. a3 Be7 7. Qc2 a6 8. Nf3 Bf6 9. d3 O-O 10. Nbd2 g6 11. Be2 Bg7 12. O-O a5 13. Rac1 h6 14. Rfe1 Kh7 15. Bf1 Qe7 16. d4 exd4 17. exd4 Qd8 18. Ne5 Nxe5 19. dxe5 Bf5 20. Ne4 c6 21. Qd2 Bxe4 22. Rxe4 Qe7 23. Rce1 Rfe8 24. h4 h5 25. Bd3 Rad8 26. Qxa5 b6 27. Qd2 Nc7 28. Qe2 Kg8 29. a4 Ne6 30. Bc4 Bh6 31. Qf3 Kg7 32. Qf6+ Kg8 33. Qf3 Rd7 34. Bc3 Rb8 35. R4e2 b5 36. axb5 cxb5 37. Bd5 Nf4 38. e6 Rxd5 39. exf7+ Qxf7 40. Be5 Rbd8 41. Bxf4 Qxf4 42. Re8+ Rxe8 43. Qxd5+ Kf8 44. Qc5+ Kf7 45. Qd5+ Kf8 46. Qc5+ Kf7 47. Qd5+ Kf8 1/2-1/2


[Site "https://www.chess.com"]

[Event "Titled Tuesday Blitz May 16 Early 2023"]
[White "Petrosyan, Manuel"]
[Black "Ibadov, Dashgyn"]
[WhiteFideId "13300857"]
[BlackFideId "24107514"]
[WhiteElo "2576"]
[BlackElo "2208"]
[Result "1-0"]
[Round "06"]
[TimeControl "180+2"]
[Date "2023.05.16"]
[WhiteClock "0:00:03"]
[BlackClock "0:00:00"]

1. e4 e6 2. d4 d5 3. Nc3 Nf6 4. e5 Nfd7 5. f4 c5 6. Nf3 Nc6 7. Be3 cxd4 8. Nxd4 Bc5 9. Qd2 O-O 10. O-O-O a6 11. h4 Nxd4 12. Bxd4 b5 13. a3 b4 14. Bxc5 bxc3 15. Qxc3 Nxc5 16. Qxc5 Bd7 17. Rh3 Rc8 18. Qd4 Bb5 19. Bxb5 axb5 20. c3 Rc4 21. Qf2 Qc7 22. Kb1 f6 23. exf6 Rxf4 24. Qe2 R8xf6 25. Re3 Qc6 26. Re1 Rf2 27. Qg4 Qc4 28. Qxc4 bxc4 29. Rxe6 Rxe6 30. Rxe6 Rxg2 31. a4 g5 32. hxg5 Rxg5 33. a5 Rg7 34. Rd6 Rc7 35. Rxd5 Kf7 36. a6 Kg6 37. Ka2 h5 38. Ka3 h4 39. Kb4 h3 40. Kb5 h2 41. Rd1 Rd7 42. Ra1 Kg5 43. Kxc4 Kf4 44. b4 1-0


[Site "https://www.chess.com"]

[Event "Titled Tuesday Blitz May 16 Early 2023"]
[White "Mekhitarian, Krikor Sevag"]
[Black "Domingo Nunez, Alejandro"]
[WhiteFideId "2107660"]
[BlackFideId "22245561"]
[WhiteElo "2604"]
[BlackElo "2291"]
[Result "1-0"]
[Round "06"]
[TimeControl "180+2"]
[Date "2023.05.16"]
[WhiteClock "0:00:06"]
[BlackClock "0:00:04"]

1. Nf3 g6 2. c4 Bg7 3. e4 c5 4. d4 cxd4 5. Nxd4 Nc6 6. Be3 d6 7. Nc3 Nf6 8. Be2 O-O 9. O-O Bd7 10. Nc2 Rc8 11. Rc1 a6 12. h3 Qa5 13. a3 Ne5 14. c5 Be6 15. Nd4 dxc5 16. Nxe6 fxe6 17. f4 Nc6 18. e5 Rfd8 19. Qb3 Nd5 20. Nxd5 exd5 21. Rxc5 Nd4 22. Bxd4 Rxc5 23. Bf3 Rc4 24. Bb6 Qd2 25. Bxd8 e6 26. Qxb7 Rxf4 27. Qe7 Qe3+ 28. Kh1 Rf7 29. Qxe6 Qf4 30. Bf6 Bh6 31. Qe8+ Rf8 32. Qe6+ Rf7 33. Qxd5 Qg3 34. Qd8+ Rf8 35. Bd5# 1-0


[Site "https://www.chess.com"]

[Event "Titled Tuesday Blitz May 16 Early 2023"]
[White "Shimanov, Aleksandr"]
[Black "Jaskolka, Tomasz"]
[WhiteFideId "4198603"]
[BlackFideId "1170791"]
[WhiteElo "2631"]
[BlackElo "2155"]
[Result "1-0"]
[Round "06"]
[TimeControl "180+2"]
[Date "2023.05.16"]
[WhiteClock "0:00:09"]
[BlackClock "0:00:09"]

1. e4 d5 2. exd5 Nf6 3. b3 Nxd5 4. Bb2 c5 5. Nf3 Nc6 6. Bb5 Bd7 7. O-O e6 8. Re1 Be7 9. Bxg7 Rg8 10. Bb2 Bf6 11. Nc3 Nf4 12. g3 a6 13. Bf1 Qc7 14. Kh1 Nd4 15. Ne4 Bh8 16. Bxd4 cxd4 17. gxf4 d3 18. cxd3 Qxf4 19. Rc1 Bc6 20. Qe2 Bd5 21. Bg2 f5 22. Ng3 h5 23. Nh4 Qxh4 24. Bxd5 Rg6 25. Bxe6 Kf8 26. Bxf5 Rd6 27. Qf3 Bf6 28. Rc7 Rad8 29. Bg6 Qg5 30. Bxh5 Kg8 31. Bf7+ Kh8 32. Ne4 Rxd3 33. Nxg5 Rxf3 34. Nxf3 b5 35. Bg6 a5 36. Rg1 a4 37. Rh7+ Kg8 38. Bf5+ Kf8 39. Be6 Bg7 40. Rgxg7 1-0


[Site "https://www.chess.com"]

[Event "Titled Tuesday Blitz May 16 Early 2023"]
[White "Rodshtein, Maxim"]
[Black "Potkin, Vladimir"]
[WhiteFideId "2806851"]
[BlackFideId "4131061"]
[WhiteElo "2555"]
[BlackElo "2474"]
[Result "1-0"]
[Round "06"]
[TimeControl "180+2"]
[Date "2023.05.16"]
[WhiteClock "0:00:54"]
[BlackClock "0:00:15"]

1. c4 Nf6 2. g3 e6 3. Bg2 d5 4. Nf3 dxc4 5. Qa4+ c6 6. Qxc4 b5 7. Qb3 Bb7 8. O-O Nbd7 9. d4 a6 10. Ne5 Nxe5 11. dxe5 Nd5 12. Rd1 Qc7 13. Nc3 Qxe5 14. Nxd5 exd5 15. e4 dxe4 16. Bf4 Qe6 17. Qxe6+ fxe6 18. Bxe4 Be7 19. Rac1 Rc8 20. h4 Kf7 21. Rd7 Ba8 22. Bg5 Rhe8 23. Rc3 e5 24. Rf3+ 1-0


[Site "https://www.chess.com"]

[Event "Titled Tuesday Blitz May 16 Early 2023"]
[White "Remizov, Yaroslav"]
[Black "Al-Tarboush, Ward"]
[WhiteFideId "34134015"]
[BlackFideId "7601450"]
[WhiteElo "2400"]
[BlackElo "2265"]
[Result "1-0"]
[Round "06"]
[TimeControl "180+2"]
[Date "2023.05.16"]
[WhiteClock "0:01:33"]
[BlackClock "0:00:19"]

1. e4 e6 2. Nc3 d5 3. g3 d4 4. Nce2 c5 5. Bg2 Nc6 6. d3 Nge7 7. f4 g6 8. Nf3 Bg7 9. O-O b6 10. g4 Bb7 11. Ng3 O-O 12. f5 exf5 13. exf5 Nd5 14. Bg5 Qc7 15. Ne4 h6 16. Bd2 Rae8 17. Qc1 g5 18. c4 Ne3 19. f6 Bh8 20. Bxe3 dxe3 21. Qxe3 Ne5 22. Nfxg5 hxg5 23. Qxg5+ Ng6 24. h4 Re5 25. Rf5 Bxe4 26. Bxe4 Re6 27. Kg2 Qd8 28. Raf1 Qd4 29. h5 Rxe4 30. dxe4 Qxe4+ 31. R5f3 Rd8 32. hxg6 Rd2+ 33. Qxd2 Qa8 1-0


[Site "https://www.chess.com"]

[Event "Titled Tuesday Blitz May 16 Early 2023"]
[White "Thecourseoisildur"]
[Black "Boyer, Mahel"]
[BlackFideId "45102422"]
[WhiteElo "2561"]
[BlackElo "2439"]
[Result "0-1"]
[Round "06"]
[TimeControl "180+2"]
[Date "2023.05.16"]
[WhiteClock "0:00:00"]
[BlackClock "0:00:25"]

1. e4 Nc6 2. Nf3 d5 3. exd5 Qxd5 4. Nc3 Qh5 5. d4 Bg4 6. Be2 O-O-O 7. h3 Nf6 8. O-O Nxd4 9. Nxd4 Bxe2 10. Ncxe2 e5 11. Qd3 exd4 12. Nxd4 Bc5 13. Qf5+ Qxf5 14. Nxf5 Rd5 15. Ne3 Rd7 16. b3 Bd4 17. Rb1 Ne4 18. c4 Re8 19. b4 f5 20. Nxf5 Bxf2+ 21. Rxf2 Nxf2 22. Kxf2 Rf7 23. g4 g6 24. Bb2 gxf5 25. g5 Rfe7 26. Kf3 Re3+ 27. Kf4 Re2 28. Kxf5 Rf2+ 29. Kg4 Re4+ 30. Kg3 Rf5 31. Bf6 Rxc4 32. Rd1 b6 33. Rd8+ Kb7 34. Rd7 h6 35. h4 h5 36. Bd4 Kc8 0-1


[Site "https://www.chess.com"]

[Event "Titled Tuesday Blitz May 16 Early 2023"]
[White "Moksh Amit Doshi"]
[Black "Kilic, Eray"]
[WhiteFideId "25064967"]
[BlackFideId "44517173"]
[WhiteElo "2297"]
[BlackElo "2328"]
[Result "1-0"]
[Round "06"]
[TimeControl "180+2"]
[Date "2023.05.16"]
[WhiteClock "0:00:11"]
[BlackClock "0:00:02"]

1. d4 Nf6 2. c4 g6 3. Nc3 d5 4. cxd5 Nxd5 5. e4 Nxc3 6. bxc3 Bg7 7. Nf3 c5 8. Rb1 Nc6 9. d5 Ne5 10. Bb5+ Bd7 11. O-O Bxb5 12. Rxb5 b6 13. c4 O-O 14. Nxe5 Bxe5 15. f4 Bd4+ 16. Kh1 e6 17. Bb2 Bxb2 18. Rxb2 exd5 19. cxd5 Re8 20. e5 Qh4 21. d6 Rad8 22. Qd5 Re6 23. a4 Qh5 24. Qb7 Qf5 25. Rbb1 Ree8 26. Qxa7 Rb8 27. Rxb6 Ra8 28. Qb7 Rxa4 29. Qc6 Rea8 30. d7 Qxf4 31. Rbb1 Qg5 32. e6 f5 33. Rfd1 Ra2 34. e7 Qxe7 35. Qd5+ Kg7 36. d8=Q Rxd8 37. Qxd8 Qxd8 38. Rxd8 Rc2 39. Rc8 Kf6 40. g3 Kg5 41. Rb7 h5 42. Rbc7 Kg4 43. Rxc5 Ra2 44. Rc4+ Kg5 45. Rc2 Ra4 46. Kg2 h4 47. R8c4 1-0


[Site "https://www.chess.com"]

[Event "Titled Tuesday Blitz May 16 Early 2023"]
[White "Hayrapetyan, Hovik"]
[Black "Kleiman, Jake"]
[WhiteFideId "13302639"]
[BlackFideId "2020041"]
[WhiteElo "2348"]
[BlackElo "2556"]
[Result "1-0"]
[Round "06"]
[TimeControl "180+2"]
[Date "2023.05.16"]
[WhiteClock "0:00:29"]
[BlackClock "0:00:06"]

1. d4 Nf6 2. c4 e6 3. Nc3 Bb4 4. Nf3 c5 5. g3 Bxc3+ 6. bxc3 Qa5 7. Qd3 b6 8. Bg2 Bb7 9. d5 O-O 10. O-O exd5 11. cxd5 Bxd5 12. Bg5 c4 13. Qf5 Be4 14. Qxa5 bxa5 15. Bxf6 gxf6 16. Rfd1 Rd8 17. Nd4 Bxg2 18. Kxg2 Na6 19. Nf5 Rab8 20. Rd5 Rb6 21. Rad1 d6 22. Kf3 Kf8 23. R1d4 Rc6 24. Rxd6 Rdxd6 25. Rxd6 Rxd6 26. Nxd6 Nc5 27. Ke3 Ke7 28. Nxc4 a4 29. Kd4 Ne6+ 30. Kd5 Kd7 31. f4 h5 32. e3 Kc7 33. Nd6 1-0


[Site "https://www.chess.com"]

[Event "Titled Tuesday Blitz May 16 Early 2023"]
[White "Gontcharov, Vladislav"]
[Black "Zemlyanskii, Ivan"]
[WhiteFideId "4123492"]
[BlackFideId "24249971"]
[WhiteElo "2420"]
[BlackElo "2421"]
[Result "1-0"]
[Round "06"]
[TimeControl "180+2"]
[Date "2023.05.16"]
[WhiteClock "0:00:05"]
[BlackClock "0:00:00"]

1. d4 d5 2. c4 c6 3. Nf3 Nf6 4. Nc3 dxc4 5. a4 Bf5 6. e3 e6 7. a5 Bb4 8. Qa4 Qe7 9. Bxc4 O-O 10. O-O Nbd7 11. Bd2 b5 12. axb6 Nxb6 13. Qb3 Nxc4 14. Qxc4 c5 15. Ra4 Rfc8 16. Rfa1 Nd7 17. Qe2 Nb6 18. Ra6 c4 19. e4 Bg4 20. h3 Bh5 21. g4 Bg6 22. Ne5 Qb7 23. f3 f6 24. Nxg6 hxg6 25. Be3 Rd8 26. Kf2 Kh7 27. h4 Qc7 28. Kg2 f5 29. h5 fxg4 30. hxg6+ Kxg6 31. f4 Qb7 32. Qxg4+ Kf7 33. Kf3 Rd7 34. R6a2 Re7 35. Rg1 Kg8 36. Rg2 Rf8 37. Ra1 e5 38. dxe5 Rxe5 39. Bd4 Re7 40. Re1 Nd7 41. Qg6 Nf6 42. Bxf6 Ref7 43. Be5 Bxc3 44. bxc3 Qd7 45. Qd6 1-0


[Site "https://www.chess.com"]

[Event "Titled Tuesday Blitz May 16 Early 2023"]
[White "Rozman, Levy"]
[Black "Dixit, Nikhil"]
[WhiteFideId "2039877"]
[BlackFideId "5059534"]
[WhiteElo "2376"]
[BlackElo "2207"]
[Result "0-1"]
[Round "06"]
[TimeControl "180+2"]
[Date "2023.05.16"]
[WhiteClock "0:00:02"]
[BlackClock "0:00:21"]

1. e4 c5 2. Nc3 Nc6 3. Bb5 e5 4. d3 d6 5. f4 Bd7 6. Bxc6 Bxc6 7. Nf3 f6 8. O-O Ne7 9. Be3 Ng6 10. Nd2 Qd7 11. Qh5 O-O-O 12. a3 exf4 13. Bxf4 Nxf4 14. Rxf4 g6 15. Qe2 Bg7 16. Nc4 Rhe8 17. Qf3 f5 18. Nd5 Bxd5 19. exd5 b5 20. Na5 Bxb2 21. Rb1 Bd4+ 22. Rxd4 cxd4 23. Nc6 a6 24. Qf4 Qg7 25. a4 Re3 26. axb5 axb5 27. Rxb5 Rde8 28. Rb8+ Kc7 29. Rxe8 Rxe8 30. Qd2 Ra8 31. Qb4 Qf6 32. Nxd4 Ra1+ 33. Kf2 Qh4+ 34. Ke2 Qg4+ 35. Kf2 Qf4+ 36. Ke2 Qf1+ 37. Ke3 f4+ 38. Ke4 Re1+ 39. Qxe1 Qxe1+ 40. Kxf4 Qf2+ 41. Nf3 Qxg2 42. c4 h6 43. Ke3 g5 44. h4 g4 45. Ne1 Qg1+ 46. Ke2 g3 47. Nf3 Qf2+ 0-1


[Site "https://www.chess.com"]